 Dungeon Crawl Stone Soup version 0.28-a0-1080-g05a166d0ed (webtiles) character file.

Game seed: 7813297253374458640

70 ytrimaz the Insei (level 3, -1/29 HPs)
             Began as a Demigod Transmuter on Dec 9, 2021.
             Slain by Natasha (5 damage)
             ... on level 2 of the Dungeon.
             The game lasted 00:01:55 (2585 turns).

ytrimaz the Insei (Demigod Transmuter)              Turns: 2585, Time: 00:01:55

Health: -1/29      AC:  2    Str: 11    XL:     3   Next: 77%
Magic:  6/8        EV: 12    Int: 19    God:
Gold:   17         SH:  0    Dex: 14    Spells: 3/6 levels left

rFire   . . .      SeeInvis .     - Unarmed
rCold   . . .      Faith    .   (no shield)
rNeg    . . .      Spirit   .   a - +0 robe
rPois   .          Reflect  .   (helmet currently unavailable)
rElec   .          Harm     .   (no cloak)
rCorr   .          Rampage  .   (no gloves)
Will    .....                   (boots currently unavailable)
Stlth   +.........              (no amulet)
HPRegen 0.09/turn               (no ring)
MPRegen 0.11/turn               (no ring)

@: appendages, wereblooded
A: horns 2, talons 2, high mp 1, forlorn, divine attributes
a: End Transformation


You were on level 2 of the Dungeon.
You had temporarily grown beastly horns and talons.
You visited 1 branch of the dungeon, and saw 2 of its levels.

You collected 65 gold pieces.
You spent 48 gold pieces at shops.

Inventory:

Armour
 a - a +0 robe (worn)
Scrolls
 b - a scroll of magic mapping
 d - 2 scrolls of brand weapon
Potions
 e - 3 potions of invisibility
 f - a potion of heal wounds {unknown}


   Skills:
 * Level 1.8 Fighting
 + Level 2.2 Dodging
 + Level 3.4 Unarmed Combat
 + Level 2.1 Spellcasting
 + Level 2.1 Transmutations


You had 3 spell levels left.
You knew the following spells:

 Your Spells              Type           Power      Damage    Failure   Level
a - Beastly Appendage     Tmut           20%        N/A       7%          1
b - Wereblood             Tmut           10%        N/A       11%         2

Your spell library contained the following spells:

 Spells                   Type           Power      Damage    Failure   Level
 Spider Form              Tmut/Pois      6%         N/A       32%         3
 Ice Form                 Ice/Tmut       6%         N/A       71%         4


Dungeon Overview and Level Annotations

Branches:
Dungeon (2/15)

Shops:
D:1 *

Annotations:
D:2 Natasha


Innate Abilities, Weirdness & Mutations

You have temporarily grown beastly horns and talons.
You have an increased reservoir of magic. (+10% MP)
You shall have no god before yourself.
Your divine heritage dramatically boosts your attributes as you level up.


Message History

Casting: Wereblood (safe; 11% risk of failure)
Confirm with . or Enter, or press ? or * to list all spells.
Your blood is infused with primal strength.
You hit Natasha.
Natasha is moderately wounded.
Natasha claws you.
You closely miss Natasha.
Natasha is moderately wounded.
Natasha mumbles some strange words.
You feel troubled. Natasha claws you!
You grow a pair of large bovine horns.
Your feet morph into talons.
Natasha casts a spell.
You hit Natasha.
Natasha is heavily wounded.
Natasha barely misses you.
You closely miss Natasha.
Natasha is heavily wounded.
The shadow imp shouts, "Go and return not, thou mewling dread-bolted apple-john!"
Natasha stares at you and mumbles some strange words.
The magic dart hits you.
You barely miss Natasha.
Natasha is heavily wounded.
The shadow imp barely misses you.
Natasha mumbles some strange words.
You completely miss Natasha. Your kick misses Natasha. You headbutt Natasha.
Natasha is heavily wounded.
The shadow imp gestures at you. Pain shoots through your body!
Natasha barely misses you.
You barely miss Natasha.
Natasha is heavily wounded.
The shadow imp grinds its teeth.
The shadow imp gestures at you. Pain shoots through your body!
* * * LOW HITPOINT WARNING * * *
Unknown command.
You barely miss Natasha.
Natasha is heavily wounded.
Natasha claws you.
You die...

.....#.# .## ....
..# #....##
..###### #>.#...#
##......## ...#....
##......... #...#..
#!.5.....# #....
#.8h...(.# ##.<.
#?.@5....## #... #
##.........
...##..>
#.#####......##
#.......
#............#
#.......#
#.......######
..####.. #####.#.#
##.#####..
#...######..#.. ...
##......##.##.#####
#...........##.#


You could see Natasha and 2 shadow imps.

Vanquished Creatures
  2 adders (D:2)
  A dart slug (D:1)
  9 bats
  2 endoplasms
  3 giant cockroaches
  5 goblins
  3 hobgoblins
  5 jackals (D:2)
  3 kobolds
  2 quokkas
  5 ball pythons (D:1)
  3 frilled lizards
  3 rats
46 creatures vanquished.

Vanquished Creatures (others)
  2 plants (D:2)
2 creatures vanquished.

Grand Total: 48 creatures vanquished

Notes
Turn   | Place    | Note
-------+----------+-------------------------------------------
     0 | D:1      | ytrimaz the Demigod Transmuter began the quest for the Orb.
     0 | D:1      | Reached XP level 1. HP: 15/15 MP: 5/5
   126 | D:1      | Reached skill level 1 in Fighting
   513 | D:1      | Reached XP level 2. HP: 23/23 MP: 5/7
   561 | D:1      | Found Xapoa's Assorted Antiques.
   569 | D:1      | Bought a scroll labelled IHUHAI GITAILE for 16 gold pieces
   569 | D:1      | Bought a scroll labelled BEDOR UNNENG for 16 gold pieces
   569 | D:1      | Bought a scroll labelled BEDOR UNNENG for 16 gold pieces
   576 | D:1      | Reached skill level 3 in Unarmed Combat
  1752 | D:2      | Learned a level 2 spell: Wereblood
  1784 | D:2      | Reached XP level 3. HP: 23/28 MP: 5/8
  2573 | D:2      | Noticed Natasha
  2585 | D:2      | Slain by Natasha

Illustrated notes

Levels and vault maps discovered:
D:1:      scummos_arrival_checkerplants, layout_basic, serial_shops,
          nicolae_shop_temple_entry_statues_fountains, minmay_misc_feat_tower
D:2:      cheibrodos_old_hovel, layout_rooms,
          hellmonk_ecumenical_altar_inner_sanctum, mrwooster_statue_mirror,
          uniq_natasha, uniq_crazy_yiuf_cottage

Skill      XL: |  1  2  3 |
---------------+----------+-----
Fighting       | 1 |  1.8
Unarmed Combat | 3 |  3.4
Dodging        | 2 |  2.2
Transmutations | 2 |  2.1
Spellcasting   | 2 |  2.1

Action                   || total
-------------------------++-------
Melee: Unarmed           ||   120
       Kick              ||     8
       Headbutt          ||     8
       Punch             ||     1
 Cast: Beastly Appendage ||    17
       Wereblood         ||     7
  Use: Scroll            ||     3
Armor: Robe              ||    28
Dodge: Dodged            ||    86

Table legend: (Time is in decaauts)
 A = Elapsed time spent in this place.
 B = Non-inter-level travel time spent in this place.
 C = Inter-level travel time spent in this place.
 D = Time resting spent in this place.
 E = Time spent auto-exploring this place.
 F = Levels seen in this place.
 G = Mean time per level.
                   A        B        C        D        E       F      G
               +--------+--------+--------+--------+--------+-----+--------+
         Total |   2577 |   2574 |      3 |    104 |   2145 |   2 | 1288.5 |
       Dungeon |   2577 |   2574 |      3 |    104 |   2145 |   2 | 1288.5 |
               +--------+--------+--------+--------+--------+-----+--------+

Top non-repeatable levels by time:
     D:1: 1715 daAuts
     D:2: 861 daAuts
